 Dungeon Crawl Stone Soup version 0.24.0-13-gcf9b319 (webtiles) character file.

Game seed: 3445465441061085347, levelgen mode: deterministic

116 Fang the Skirmisher (level 5, -5/33 HPs)
             Began as a Gargoyle Berserker on Nov 14, 2019.
             Was a Believer of Trog.
             Killed from afar by a dream sheep (38 damage)
             ... with an exploding inner flame
             ... on level 3 of the Dungeon.
             The game lasted 00:03:05 (1953 turns).

Fang the Skirmisher (Gargoyle Berserker)            Turns: 1953, Time: 00:03:06

Health: -5/33      AC: 13    Str: 22    XL:     5   Next: 0%
Magic:  5/5        EV:  8    Int:  4    God:    Trog [**....]
Gold:   173        SH:  0    Dex:  9    Spells: 4/4 levels left

rFire    . . .     SeeInvis .   a - +0 hand axe
rCold    . . .     Gourm    .   (no shield)
rNeg     + . .     Faith    .   b - +0 chain mail
rPois    ∞         Spirit   .   (no helmet)
rElec    +         Reflect  .   d - scarf {cloud immunity}
rCorr    .         Harm     .   (no gloves)
MR       .....                  (no boots)
Stlth    ..........             (no amulet)
HPRegen  0.11/turn              o - -3 ring of intelligence (curse)
MPRegen  0.09/turn              (no ring)

@: no status effects
A: negative energy resistance 1, electricity resistance, unbreathing,
petrification resistance, rot immunity, AC +4
a: Berserk, Trog's Hand, Renounce Religion


You were on level 3 of the Dungeon.
You worshipped Trog.
Trog was pleased with you.
You were not hungry.

You visited 1 branch of the dungeon, and saw 3 of its levels.

You collected 173 gold pieces.

Inventory:

Hand Weapons
 a - a +0 hand axe (weapon)
Armour
 b - a +0 chain mail (worn)
 d - a scarf of cloud immunity (worn)
Jewellery
 o - a cursed -3 ring of intelligence (left hand)
Wands
 j - a wand of acid (9)
Scrolls
 e - 2 scrolls of enchant weapon {unknown}
 f - 2 scrolls of magic mapping {unknown}
 h - a scroll of fog {unknown}
 i - 4 scrolls of identify {unknown}
 m - a scroll of remove curse {unknown}
Potions
 g - 3 potions of resistance {unknown}
 k - a potion of flight {unknown}
 n - 2 potions of agility {unknown}
Comestibles
 c - 6 rations
 l - 5 chunks of flesh


   Skills:
 + Level 4.1 Fighting
 + Level 3.4 Axes
 + Level 3.2 Armour
 + Level 2.4 Dodging


You had 4 spell levels left.
You didn't know any spells.
Your spell library was empty.

Dungeon Overview and Level Annotations

Branches:
Dungeon (3/15)

Altars:
Xom


Innate Abilities, Weirdness & Mutations

You are resistant to torment.
Your stone body is resilient. (AC +4)
You are immune to poison.
You resist negative energy. (rN+)
You are resistant to electric shocks. (rElec)
You can survive without breathing.
You are immune to petrification.
You are immune to rotting.


Message History

The dream sheep bleats in terror.
A dream sheep catches fire!
The dream sheep is struck with panic!
A dream sheep catches fire!
A frightened dream sheep leaps away.
A dream sheep catches fire!
The dream sheep bleats in terror.
You hear mad divine giggling.
Found a shimmering altar of Xom.
The dream sheep burns! x5
There are monsters nearby!
You catch the helpless dream sheep completely off-guard!
You hit the dream sheep.
Your attack snaps the dream sheep out of its fear.
The dream sheep is heavily wounded.
The dream sheep burns! x2
The dream sheep explodes!
The fiery explosion engulfs you!!!
Ouch! That really hurt!
You die...

##############
#.......^....# ######
#............######.....
#......@§....#....#.####
###...§§.....#.##.#.....
#...§_YY..##.#.....#.#
#............#####.#..
######....Y.Y...........#..
#...##..........########...
#.#.#...........#........##
#..............####.####.#.
###............####...>###>


You could see 4 dream sheep.

Vanquished Creatures
  Robin (D:3)
  An adder (D:3)
  2 oozes
  2 dart slugs
  2 leopard geckos
  5 orcs (D:3)
  4 giant cockroaches
  16 goblins
  6 hobgoblins
  8 jackals
  2 quokkas (D:3)
  A ball python (D:2)
  4 bats
  4 frilled lizards
  6 kobolds
  6 rats
70 creatures vanquished.

Notes
Turn   | Place    | Note
-------+----------+-------------------------------------------
     0 | D:1      | Fang the Gargoyle Berserker began the quest for the Orb.
     0 | D:1      | Reached XP level 1. HP: 14/14 MP: 1/1
    59 | D:1      | Reached XP level 2. HP: 16/19 MP: 2/2
   722 | D:2      | Reached XP level 3. HP: 23/23 MP: 3/3
   770 | D:2      | Reached ** piety under Trog
  1427 | D:3      | Reached XP level 4. HP: 29/29 MP: 4/4
  1542 | D:3      | Noticed Robin
  1558 | D:3      | Killed Robin
  1558 | D:3      | Reached skill level 4 in Fighting
  1885 | D:3      | Reached XP level 5. HP: 33/33 MP: 5/5
  1951 | D:3      | Noticed a dream sheep
  1951 | D:3      | Noticed a dream sheep
  1951 | D:3      | Noticed a dream sheep
  1951 | D:3      | Noticed a dream sheep
  1951 | D:3      | Noticed a dream sheep
  1951 | D:3      | Found a shimmering altar of Xom.
  1953 | D:3      | Killed a dream sheep
  1953 | D:3      | Killed from afar by a dream sheep

Levels and vault maps discovered:
D:1:      dpeg_arrival_stonehenge_8_columns, layout_basic,
          minmay_small_reverse_x
D:2:      layout_basic, first_ration, minmay_hedge_maze, minmay_misc_feat_roman,
          minmay_tromino_mix6
D:3:      layout_basic, kb_xom_exploding_sheep, uniq_robin

Skill      XL: |  1  2  3  4 |
---------------+-------------+-----
Dodging        | 2 |  2.4
Axes           | 3 |  3.4
Armour         | 3 |  3.2
Fighting       | 4 |  4.1

Action                   |  1- 3 |  4- 6 || total
-------------------------+-------+-------++-------
Melee: Hand axe          |   105 |   116 ||   221
 Stab: Fleeing           |       |     1 ||     1
  Eat: Chunk             |     2 |     2 ||     4
Armor: Animal skin       |     4 |       ||     4
       Chain mail        |    58 |    83 ||   141
Dodge: Dodged            |    56 |    61 ||   117
